 Dungeon Sprint DCSS version 0.21.1-1-g345015f (webtiles) character file.

4100000 Fang the Axe Maniac (level 22, -8/233 HPs)
             Began as a Minotaur Gladiator on May 3, 2018.
             Was the Champion of Makhleb.
             Engulfed by a cloud of flame (28 damage)
             ... in the Dungeon (Sprint VIII: "Arena of Blood").
             The game lasted 00:00:35 (41 turns).

Fang the Axe Maniac (Minotaur Gladiator)              Turns: 41, Time: 00:00:36

Health: -8/233     AC:  6    Str: 26    XL:     22   Next: 57%
Magic:  20/52      EV: 32    Int:  5    God:    Makhleb [******]
Gold:   0          SH:  0    Dex: 15    Spells: 75/75 levels left

rFire    . . .     SeeInvis .   l - +∞ Axe of Woe
rCold    . . .     Gourm    .   (shield currently unavailable)
rNeg     . . .     Faith    .   b - +0 leather armour
rPois    .         Spirit   .   c - +0 hat
rElec    .         Reflect  .   (no cloak)
rCorr    .         Harm     .   (no gloves)
MR       +....     NoTele   +   (no boots)
Stlth    +++++++++.             (no amulet)
HPRegen  0.48/turn              (no ring)
MPRegen  0.33/turn              (no ring)

@: no status effects
A: retaliatory headbutt, horns 2
a: Minor Destruction, Lesser Servant of Makhleb, Major Destruction, Greater
Servant of Makhleb, Renounce Religion


You were in the Dungeon.
You worshipped Makhleb.
Makhleb was exalted by your worship.
You were not hungry.

You visited 1 branch

Inventory:

Hand Weapons
 a - a +0 war axe
 l - the +∞ Axe of Woe (weapon)
   (You found it in the Dungeon)
Missiles
 d - 3 throwing nets (quivered)
Armour
 b - a +0 leather armour (worn)
 c - a +0 hat (worn)
Scrolls
 k - a scroll of blinking
Potions
 e - a potion of curing
 h - a potion of haste
 i - 2 potions of magic
 j - a potion of berserk rage
Comestibles
 f - a ration


   Skills:
 O Level 27 Fighting
 O Level 27 Axes
 O Level 27 Throwing
 O Level 27 Armour
 O Level 27 Dodging
 O Level 27 Stealth
 O Level 27 Unarmed Combat
 O Level 27 Spellcasting
 O Level 27 Invocations


You had 75 spell levels left.
You didn't know any spells.

Dungeon Overview and Level Annotations

Branches:
Dungeon (1/1)

Altars:
Makhleb


Innate Abilities, Weirdness & Mutations

You reflexively headbutt those who attack you in melee.
You have a pair of horns on your head.


Message History

You feel better.
You are engulfed in blazing flames.
* * * LOW HITPOINT WARNING * * *
You hear a shout! x2
The eight-headed meat hydra calls on the powers of darkness!
The eight-headed meat hydra convulses!
Your body is wracked with pain!
* * * LOW HITPOINT WARNING * * *
The large bag of meat convulses!
The bag of meat convulses! x2
The meat berserker convulses! x3
The meat berserker rages.
The crawling corpse is engulfed in blazing flames.
The crawling corpse is destroyed!
The crawling corpse is engulfed in blazing flames. x2
The crawling corpse is destroyed!
The crawling corpse is engulfed in blazing flames.
The crawling corpse is destroyed!
The destroyer blinks!
You hear a shout! x2
A small abomination comes into view.
You are engulfed in blazing flames.
You die...

....#........_......
...#.%.x...#)....#
#..........#_.<._#
...#.O..)).#.....#..
.....#...))..._......
......xV))).)###......
.....§§x###.......###.
.....§§§§§#.......#
.......D@§#.......#
.#....Ox§xo........
#.#.#...§§§oO......
.#.#.......V.......
#.#.#.......V....
.#.#.....#....Oo.
..............§.
......##.#..%..


You could see an eight-headed meat hydra, 3 destroyers, a large bag of meat
(inner flame), 3 meat berserkers, 3 small abominations, 3 bags of meat and 2
crawling corpses.

Vanquished Creatures
  2 vampire knights (D)
  10 ogres (D)
  3 two-headed ogres (D)
  15 orcs (D)
  A skeletal warrior (D)
31 creatures vanquished.

Vanquished Creatures (others)
  A two-headed ogre (D)
  An orc (D)
  3 crawling corpses (D)
5 creatures vanquished.

Grand Total: 36 creatures vanquished

Notes
Turn   | Place    | Note
-------+----------+-------------------------------------------
     0 | D        | Found the +∞ Axe of Woe
     0 | D        | Fang the Minotaur Gladiator began the quest for the Orb.
     0 | D        | Reached XP level 1. HP: 18/18 MP: 0/0
     2 | D        | Noticed a bag of meat
     2 | D        | Noticed a meat berserker
     4 | D        | Became a worshipper of Makhleb the Destroyer
     5 | D        | Noticed a bag of meat
     5 | D        | Killed a meat berserker
     5 | D        | Reached XP level 2. HP: 47/47 MP: 1/1
     5 | D        | Reached XP level 3. HP: 53/53 MP: 2/2
     5 | D        | Reached XP level 4. HP: 61/61 MP: 3/3
     5 | D        | Reached XP level 5. HP: 68/68 MP: 4/4
     5 | D        | Reached XP level 6. HP: 75/75 MP: 5/5
     5 | D        | Reached XP level 7. HP: 82/82 MP: 6/6
     5 | D        | Reached XP level 8. HP: 90/90 MP: 7/7
     5 | D        | Reached XP level 9. HP: 96/96 MP: 8/8
     5 | D        | Reached XP level 10. HP: 104/104 MP: 9/9
     5 | D        | Reached XP level 11. HP: 111/111 MP: 10/10
     5 | D        | Reached XP level 12. HP: 118/118 MP: 11/11
     5 | D        | Reached XP level 13. HP: 125/125 MP: 12/12
     7 | D        | Noticed a bag of meat
     8 | D        | Noticed a bag of meat
     8 | D        | Noticed a bag of meat
     8 | D        | Killed a bag of meat
     8 | D        | Reached * piety under Makhleb
     8 | D        | Reached skill level 15 in Fighting
     9 | D        | Noticed a bag of meat
    10 | D        | Noticed a bag of meat
    10 | D        | Noticed a meat berserker
    11 | D        | Noticed a bag of meat
    11 | D        | Killed a bag of meat
    11 | D        | Reached skill level 27 in Axes
    11 | D        | Reached XP level 14. HP: 138/138 MP: 13/13
    12 | D        | Noticed a meat berserker
    12 | D        | Noticed a meat berserker
    13 | D        | Killed a bag of meat
    13 | D        | Killed a bag of meat
    13 | D        | Reached ** piety under Makhleb
    13 | D        | Reached skill level 15 in Throwing
    13 | D        | Reached skill level 27 in Dodging
    13 | D        | Reached XP level 15. HP: 157/157 MP: 14/14
    15 | D        | Noticed a meat berserker
    15 | D        | Killed a meat berserker
    15 | D        | Reached skill level 27 in Fighting
    15 | D        | Reached XP level 16. HP: 183/183 MP: 15/15
    16 | D        | Noticed a meat berserker
    16 | D        | Noticed a meat berserker
    16 | D        | Killed a meat berserker
    16 | D        | Reached *** piety under Makhleb
    16 | D        | Reached skill level 27 in Throwing
    16 | D        | Reached XP level 17. HP: 191/191 MP: 15/23
    17 | D        | Killed a meat berserker
    17 | D        | Reached skill level 10 in Stealth
    18 | D        | Killed a meat berserker
    18 | D        | Reached **** piety under Makhleb
    18 | D        | Reached skill level 15 in Unarmed Combat
    18 | D        | Reached skill level 10 in Spellcasting
    18 | D        | Reached XP level 18. HP: 200/200 MP: 15/31
    19 | D        | Reached skill level 15 in Invocations
    21 | D        | Noticed a meat berserker
    21 | D        | Noticed a destroyer
    21 | D        | Killed a meat berserker
    21 | D        | Killed a meat berserker
    21 | D        | Reached XP level 19. HP: 207/207 MP: 15/36
    22 | D        | Noticed a large bag of meat
    22 | D        | Noticed a meat berserker
    22 | D        | Noticed a large bag of meat
    23 | D        | Killed a large bag of meat
    23 | D        | Reached ***** piety under Makhleb
    23 | D        | Reached skill level 15 in Spellcasting
    25 | D        | Killed a meat berserker
    25 | D        | Reached XP level 20. HP: 216/216 MP: 16/40
    26 | D        | Noticed a large bag of meat
    26 | D        | Noticed a destroyer
    26 | D        | Killed a meat berserker
    26 | D        | Reached skill level 27 in Armour
    28 | D        | Noticed a large bag of meat
    28 | D        | Reached skill level 27 in Unarmed Combat
    29 | D        | Reached XP level 21. HP: 201/224 MP: 17/43
    30 | D        | Reached ****** piety under Makhleb
    31 | D        | Reached skill level 27 in Invocations
    32 | D        | Killed a large bag of meat
    32 | D        | Reached skill level 27 in Stealth
    34 | D        | Noticed a destroyer
    35 | D        | Killed a large bag of meat
    35 | D        | Killed a destroyer
    35 | D        | Reached skill level 27 in Spellcasting
    35 | D        | Reached XP level 22. HP: 202/233 MP: 18/52
    35 | D        | Killed a destroyer
    36 | D        | Noticed a large bag of meat
    36 | D        | HP: 10/233 [??? (7)]
    37 | D        | Killed a large bag of meat
    39 | D        | Noticed a destroyer
    39 | D        | Noticed a destroyer
    41 | D        | Engulfed by a cloud of flame

Skill      XL: |  1  2  3  4  5  6  7  8  9 10 11 12 13 14 15 16 17 18 19 20 21 |
---------------+----------------------------------------------------------------+-----
Fighting       | 14 16 20 27 | 27.0
Axes           | 23 27 | 27.0
Throwing       | 11 13 15 21 27 | 27.0
Dodging        | 21 24 27 | 27.0
Armour         | 8 16 22 26 27 | 27.0
Stealth        | 6 13 18 21 24 27 | 27.0
Unarmed Combat | 7 15 20 25 27 | 27.0
Spellcasting   | 4 10 14 17 19 27 | 27.0
Invocations    | 6 14 19 23 26 27 | 27.0

Action                   |  1- 3 |  4- 6 |  7- 9 | 10-12 | 13-15 | 16-18 | 19-21 | 22-24 || total
-------------------------+-------+-------+-------+-------+-------+-------+-------+-------++-------
Melee: Executioner's axe |     1 |       |       |       |     5 |     5 |    10 |     2 ||    23
  Use: Potion            |       |       |       |       |       |       |       |     1 ||     1
Dodge: Dodged            |     1 |       |       |       |     1 |       |       |     1 ||     3
